Description

My best representation of the B2GM 2023 from PIG, Timings can be extremely different

Build Order

Get SALT Encoding   

  14  0:20  Pylon  
  16  0:39  Gateway  Scout with probe
  17  0:50  Assimilator  
  20  1:27  Nexus  
  20  1:37  Cybernetics Core  
  21  1:45  Assimilator  
  22  1:50  Pylon  
  25  2:15  Warp Gate, Stalker  Chrono, CChrono
  28  2:36  Stalker  
  29  2:45  Robotics Facility  
  29  2:57  Stalker  
  31  3:00  Gateway x2  
  31  3:05  Pylon  
  38  3:36  Observer  chrono and scout
  44  3:52  Immortal  
  44  3:55  Assimilator x2  
  46  4:05  Stalker x3  As soon as warpgate finishes
  56  4:30  Robotics Facility, Robotics Bay  
  60  5:02  Forge, Twilight Council  
  74  5:25  Colossus x2  
  74  5:37  Extended Thermal Lance  Start immortal production
  74  5:48  Protoss Ground Weapons Level 1  Chrono
  74  5:58  Gateway x5  
  74  6:10  Charge  Chrono
  78  6:25  Templar Archives  
  80  6:34  Warp Prism  
  96  07:05  Zealot x6  
  107  7:45  High Templar x6  Morph into archons
  127  8:20  Zealot x8  Attack
Spawning Tool Build Advisor. Get it on Overwolf

Go to:

Details

  • Created by: EmmettFenrirWolf
  • Published on: Feb 20, 2024
  • Modified on: Feb 21, 2024
  • Patch: 5.0.11
  • Difficulty: Easy
Show
View Real Time Build Order
Export as new Build Order

Comments (0)

There are no comments. Be the first!

Create an account to comment!